 Dungeon Crawl Stone Soup version 0.28-a0-1190-g77e1c55843 (webtiles) character file.

Game seed: 10605048946962492158

0 Gargoyl the Skirmisher (level 1, -1/23 HPs)
             Began as a Gnoll Abyssal Knight on Dec 18, 2021.
             Was a Follower of Lugonu.
             Slain by an ufetubus (2 damage)
             ... summoned by a ynoxinul
             ... on level 2 of the Abyss.
             The game lasted 00:00:36 (170 turns).

Gargoyl the Skirmisher (Gnoll Abyssal Knight)        Turns: 170, Time: 00:00:37

Health: -1/23      AC:  4    Str: 10 (12) XL:     1   Next: 0%
Magic:  3/3        EV: 11    Int:  7 (9)  God:    Lugonu [*.....]
Gold:   54         SH:  0    Dex:  9 (12) Spells: 0/0 levels left

rFire   . . .      SeeInvis .   a - +1 hand axe
rCold   . . .      Faith    .   (no shield)
rNeg    . . .      Spirit   .   b - +1 leather armour
rPois   .          Reflect  .   (no helmet)
rElec   .          Harm     .   (no cloak)
rCorr   .          Rampage  .   (no gloves)
Will    .....                   (no boots)
Stlth   +.........              (no amulet)
HPRegen 0.07/turn               (no ring)
MPRegen 0.08/turn               (no ring)

@: no status effects
A: fangs 1, strong nose, distributed training
a: Renounce Religion, Depart the Abyss


You were on level 2 of the Abyss.
You worshipped Lugonu.
Lugonu was aware of your devotion.
You visited 0 branches of the dungeon, and saw 0 of its levels.
You visited the Abyss 1 time.

You collected 54 gold pieces.

Inventory:

Hand Weapons
 a - a +1 hand axe (weapon)
Armour
 b - a +1 leather armour (worn)


   Skills:
 + Level 6.4 Fighting
 + Level 0.0 Short Blades
 + Level 0.0 Long Blades
 + Level 4.4 Axes
 + Level 0.0 Maces & Flails
 + Level 0.0 Polearms
 + Level 0.0 Staves
 + Level 0.0 Slings
 + Level 0.0 Bows
 + Level 0.0 Crossbows
 + Level 0.0 Throwing
 + Level 4.4 Armour
 + Level 2.3 Dodging
 + Level 0.0 Stealth
 + Level 0.0 Shields
 + Level 0.0 Unarmed Combat
 + Level 0.0 Spellcasting
 + Level 0.0 Conjurations
 + Level 0.0 Hexes
 + Level 0.0 Summonings
 + Level 0.0 Necromancy
 + Level 0.0 Translocations
 + Level 0.0 Transmutations
 + Level 0.0 Fire Magic
 + Level 0.0 Ice Magic
 + Level 0.0 Air Magic
 + Level 0.0 Earth Magic
 + Level 0.0 Poison Magic
 + Level 4.4 Invocations
 + Level 0.0 Evocations


You couldn't memorise any spells.
You didn't know any spells.
Your spell library contained the following spells:

 Spells                   Type           Power      Damage    Failure   Level
 Freeze                   Ice            0%         1d3       52%         1
 Frozen Ramparts          Ice            0%         1d2       88%         3
 Hailstorm                Conj/Ice       0%         3d3       99%         4


Dungeon Overview and Level Annotations

Branches:
Dungeon (0/15)

Altars:


Innate Abilities, Weirdness & Mutations

You have very sharp teeth.
Your uncanny sense of smell can sniff out nearby items.
Your experience applies equally to all skills.


Message History

The ufetubus closely misses you. The ufetubus barely misses you. x2
The ufetubus closely misses you. The ufetubus hits you.
The ufetubus closely misses you.
The ufetubus hits you but does no damage.
The ynoxinul gestures.
Tentacles burst from the starspawn's body! 2 starspawn tentacles come into view.
The ufetubus shouts!
The ufetubus closely misses you. x2; The ufetubus barely misses you.
The ufetubus closely misses you. The ufetubus closely misses you.
The ufetubus misses you. The ufetubus hits you. The ufetubus barely misses you.
Found a sedimented green potion.
The ufetubus barely misses you. The ufetubus completely misses you.
The ufetubus barely misses you. x2
The ufetubus completely misses you. The ufetubus hits you.
* * * LOW HITPOINT WARNING * * *
The ufetubus barely misses you.
The ufetubus hits you but does no damage.
The ufetubus completely misses you. The ufetubus barely misses you.
The ufetubus barely misses you. The ufetubus closely misses you.
You see here a sedimented green potion.
c - a sedimented green potion The ufetubus barely misses you.
The ufetubus hits you but does no damage.
It was a potion of curing.
You feel better. The ufetubus hits you. The ufetubus barely misses you.
The ufetubus hits you but does no damage.
The ufetubus closely misses you. The ufetubus hits you.
* * * LOW HITPOINT WARNING * * *
The ufetubus barely misses you. The ufetubus closely misses you.
The ufetubus hits you.
* * * LOW HITPOINT WARNING * * *
You hit the ufetubus. You bite the ufetubus.
The ufetubus is heavily wounded.
You closely miss the ufetubus.
The ufetubus hits you but does no damage. x2
Tentacles burst from the starspawn's body!
The ufetubus hits you.
You die...

§§§##... #.. ≈.≈≈≈
≈§≈§.# #.#. §≈≈.§
§§#.#..#5 ##.§≈≈≈
§≈ .§ #..#..#.≈≈§
≈§#. 3#.... ≈
#§#.##X###..#≈≈§≈
§≈.§.ww##55..≈§≈≈§
§##5.#. ##..≈§§§#
#@#. ..# #.≈§§§
##5#.# .. #≈§≈≈
......#..# #
...#..#.##
§.#..#..#.. ∆
§≈###. ### # §§≈
... #.


You could see a tentacled starspawn, a ynoxinul, 2 starspawn tentacles and 3
ufetubi.

Vanquished Creatures (others)
  4 starspawn tentacles (Abyss:2)
4 creatures vanquished.

Notes
Turn   | Place    | Note
-------+----------+-------------------------------------------
     0 | Abyss:1  | Gargoyl the Gnoll Abyssal Knight began the quest for the
                  | Orb.
     0 | Abyss:1  | Reached XP level 1. HP: 23/23 MP: 3/3
    66 | Abyss:2  | Noticed a flying skull
    68 | Abyss:2  | Noticed a flying skull
    69 | Abyss:2  | Noticed a flying skull
    69 | Abyss:2  | Noticed a flying skull
    69 | Abyss:2  | Noticed a flying skull
    74 | Abyss:2  | Noticed a quasit
    75 | Abyss:2  | Found an ancient bone altar of Kikubaaqudgha.
   128 | Abyss:2  | Noticed a large abomination
   131 | Abyss:2  | Noticed a ynoxinul
   136 | Abyss:2  | Noticed a chaos spawn
   137 | Abyss:2  | Found an ancient bone altar of Kikubaaqudgha.
   140 | Abyss:2  | Noticed a tentacled starspawn
   169 | Abyss:2  | HP: 1/23 [ufetubus[a ynoxinul] (3)]
   170 | Abyss:2  | Slain by an ufetubus

Illustrated notes

Levels and vault maps discovered:
Abyss:2:  base: Temple, serial_sigils_hangedman_quiver,
          evilmike_abyss_exit_plants

Action                   || total
-------------------------++-------
Melee: Hand axe          ||     1
       Bite              ||     1
  Use: Potion            ||     2
       Scroll            ||     1
Armor: Leather armour    ||     8
Dodge: Dodged            ||    32

Table legend: (Time is in decaauts)
 A = Elapsed time spent in this place.
 B = Non-inter-level travel time spent in this place.
 C = Inter-level travel time spent in this place.
 D = Time resting spent in this place.
 E = Time spent auto-exploring this place.
 F = Levels seen in this place.
 G = Mean time per level.
                   A        B        C        D        E       F      G
               +--------+--------+--------+--------+--------+-----+--------+
         Total |    169 |    169 |      0 |      0 |    104 |   2 |   84.5 |
         Abyss |    169 |    169 |      0 |      0 |    104 |   2 |   84.5 |
               +--------+--------+--------+--------+--------+-----+--------+

Top non-repeatable levels by time:
 Abyss:2: 133 daAuts
 Abyss:1: 36 daAuts
